[Event "Team 45 45 League T46"]
[Site "Internet Chess Club"]
[Date "2010.08.08"]
[Round "1"]
[White "LazyPeon"]
[Black "ElmerHo"]
[Result "0-1"]
[WhiteElo "1548"]
[BlackElo "1563"]
[Opening "QGD semi-Slav: Meran, Wade variation"]
[ECO "D47"]
[Time "17:00:15"]
[TimeControl "2700+45"]

1. d4 d5 2. c4 c6 3. Nf3 Nf6 4. Nc3 e6 5. e3 Nbd7 6. Bd3 dxc4 7. Bxc4 b5 8. Bd3
Bb7 9. O-O a6 10. a3 c5 11. dxc5 Bxc5 12. b4 Be7 13. Bb2 O-O 14. Rc1 e5 15. Ng5
h6 16. Nge4 Re8 17. Qb3 Nb6 18. Nxf6+ Bxf6 19. Rfd1 Qe7 20. Ne4 Bxe4 21. Bxe4
Rac8 22. Bf5 Rxc1 23. Rxc1 Nc4 24. Ba1 e4 25. Bxf6 Qxf6 26. Bg4 Rd8 27. Be2 Rd2
28. Kf1 Qb2 29. Qxb2 Rxb2 30. Bxc4 bxc4 31. g3 Ra2 32. Rc3 f5 33. h3 Kf7 34. Kg2
Ke6 35. g4 g6 36. Kg3 Kd5 37. Kg2 Rd2 38. a4 Rb2 39. gxf5 gxf5 40. b5 axb5 41.
axb5 Rxb5 42. Kg3 Rb3 43. Rc1 Rd3 44. Kf4 c3 45. Kxf5 Kc4 46. Kxe4 Rd2 47. f4 c2
48. f5 Rf2 49. f6 Kc3 50. f7 Rxf7 51. Ke5 Kd2 {White resigns} 0-1

[Event "Team 45 45 League T46"]
[Site "Internet Chess Club"]
[Date "2010.08.07"]
[Round "1"]
[White "boozehound"]
[Black "smsxman"]
[Result "1-0"]
[WhiteElo "1465"]
[BlackElo "1509"]
[Opening "French: Steinitz variation"]
[ECO "C11"]
[Time "14:33:52"]
[TimeControl "2700+45"]

1. d4 d5 2. e4 e6 3. Nc3 Nf6 4. e5 Nfd7 5. Qh5 Bb4 6. Bg5 Be7 7. Nf3 h6 8. h4
Nc6 9. O-O-O g6 10. Bxe7 Qxe7 11. Qg4 Nb6 12. Nd2 Bd7 13. Nb3 O-O-O 14. Nc5 Kb8
15. f4 Be8 16. Rh3 h5 17. Qg3 Nd7 18. N3a4 Nxc5 19. Nxc5 b6 20. Na6+ Kb7 21. Qe1
Nb8 22. Ra3 Bc6 23. Qe2 Qd7 24. Nxb8 Kxb8 25. Qa6 Bb7 26. Qxa7+ Kc8 27. Ba6 Qc6
28. Rc3 Kd7 29. Bxb7 Qxc3 30. bxc3 Ke7 31. Qa3+ Kd7 32. c4 Rb8 33. Qa4+ Kd8 34.
Qa7 Ke7 35. cxd5 exd5 36. Bxd5 Rhc8 37. Qa3+ Kd8 38. Qf8+ Kd7 39. Qxf7+ Kd8 40.
e6 {Black resigns} 1-0

[Event "Team 45 45 League T46"]
[Site "Internet Chess Club"]
[Date "2010.08.15"]
[Round "1"]
[White "IanT"]
[Black "houseofcook"]
[Result "1/2-1/2"]
[WhiteElo "1377"]
[BlackElo "1467"]
[Opening "French: exchange variation"]
[ECO "C01"]
[Time "03:00:53"]
[TimeControl "2700+45"]

1. e4 e6 2. d4 d5 3. exd5 exd5 4. c4 Nf6 5. Bg5 Be7 6. Nc3 dxc4 7. Bxc4 O-O 8.
Nf3 Bg4 9. Be2 c6 10. O-O Nbd7 11. h3 Be6 12. Qd2 Nb6 13. Rfd1 Nfd5 14. Bxe7
Qxe7 15. Re1 f6 16. Bd3 Qd7 17. Be4 Rae8 18. Re2 Bf5 19. Bxd5+ Nxd5 20. Nxd5
Qxd5 21. Rae1 Qd7 22. Re3 Bg6 23. Qe2 Rxe3 24. fxe3 Re8 25. Qc4+ Bf7 26. Qa4 b5
27. Qa3 Bd5 28. b3 Re7 29. Qc5 Re6 30. Nd2 f5 31. a4 a6 32. Qb6 Qe8 33. Qc7 Rxe3
34. Rf1 Re1 35. Qf4 Re2 36. Rf2 Re1+ 37. Rf1 Rxf1+ 38. Kxf1 g6 39. Kf2 Kg7 40.
Qc7+ Qf7 41. Qb6 Bxb3 42. axb5 axb5 43. Qxc6 Qd5 44. Qc7+ Kh6 45. Nxb3 Qxb3 46.
Qf4+ Kg7 47. Qe5+ Kh6 48. d5 Qc2+ 49. Kg1 Qc5+ 50. Kh2 b4 51. Qf4+ g5 52. Qxf5
Qd6+ 53. Kh1 b3 54. Qd3 b2 55. Qf1 Qg6 56. Qf8+ Qg7 57. Qd6+ Qg6 58. Qf8+ Qg7
59. Qd6+ Qg6 60. Qf8+ {Game drawn by repetition} 1/2-1/2

[Event "Team 45 45 League T46"]
[Site "Internet Chess Club"]
[Date "2010.08.07"]
[Round "1"]
[White "subterfuge"]
[Black "MarkNY"]
[Result "0-1"]
[WhiteElo "1728"]
[BlackElo "1837"]
[Opening "King's Indian: 4.e4"]
[ECO "E70"]
[Time "22:02:06"]
[TimeControl "2700+45"]

1. d4 Nf6 2. c4 g6 3. Nc3 Bg7 4. e4 d6 5. Bd3 O-O 6. Nge2 e5 7. d5 Na6 8. Bg5
Nc5 9. f4 exf4 10. O-O Qe8 11. Rxf4 Nh5 12. Rh4 Nf6 13. Qc2 a6 14. Re1 Nfd7 15.
Nf4 Ne5 16. b4 Ncxd3 17. Nxd3 Nxc4 18. Nd1 b5 19. N1f2 Bd7 20. Qc1 f6 21. Bh6
Qf7 22. g4 g5 23. Bxg7 Kxg7 24. Rh3 h5 25. Qd1 hxg4 26. Nxg4 Rh8 27. Rg3 Rh4 28.
Ne3 Rxe4 29. Qf3 Rxe3 30. Rxe3 Nxe3 31. Nf4 Nf5 32. Nh5+ Kg6 33. Nf4+ Kg7 34.
Nh5+ Kf8 35. Nxf6 Nxg3 36. Nxd7+ Ke7 37. Qxg3 Kxd7 38. Qg4+ Ke7 39. Qc4 bxc4
{White resigns} 0-1

[Event "Team 45 45 League T46"]
[Site "Internet Chess Club"]
[Date "2010.08.08"]
[Round "1"]
[White "BotanicalKnight"]
[Black "Warpdrive"]
[Result "1/2-1/2"]
[WhiteElo "1573"]
[BlackElo "1594"]
[Opening "Alekhine's defense: Maróczy variation"]
[ECO "B02"]
[Time "15:01:39"]
[TimeControl "2700+45"]

1. e4 Nf6 2. d3 e5 3. Nc3 Be7 4. g3 d6 5. Bg2 Be6 6. f4 exf4 7. Bxf4 c6 8. Nf3
Qb6 9. b3 Ng4 10. Qe2 Bf6 11. Na4 Qb4+ 12. Bd2 Qb5 13. Rb1 Nd7 14. h3 Nge5 15.
c4 Nxf3+ 16. Qxf3 Qe5 17. Bf4 Qd4 18. Be3 Qxd3 19. Rd1 Bc3+ 20. Kf2 Qc2+ 21. Kg1
Be5 22. Rd2 Qc1+ 23. Kh2 Qa3 24. Rc2 h5 25. Bc1 Qb4 26. Bd2 Qa3 27. Bc1 Qb4 28.
Bd2 Qa3 29. Bc1 {Game drawn by repetition} 1/2-1/2

[Event "Team 45 45 League T46"]
[Site "Internet Chess Club"]
[Date "2010.08.06"]
[Round "1"]
[White "Xanther"]
[Black "vollmerj"]
[Result "1-0"]
[WhiteElo "1498"]
[BlackElo "1681"]
[Opening "Pirc: Byrne variation"]
[ECO "B07"]
[Time "15:03:50"]
[TimeControl "2700+45"]

1. e4 d6 2. d4 Nf6 3. Nc3 g6 4. Bg5 Bg7 5. Qd2 O-O 6. O-O-O a6 7. Bh6 Bxh6 8.
Qxh6 Ng4 9. Qh4 e5 10. Qg3 exd4 11. Rxd4 Qf6 12. Nf3 Nc6 13. Nd5 Qd8 14. Rd2
Nge5 15. Nxe5 Nxe5 16. f4 Nc6 17. e5 Be6 18. Nf6+ Kg7 19. h4 Qe7 20. h5 dxe5 21.
fxe5 h6 22. hxg6 fxg6 23. Bd3 Bf7 24. Rxh6 Kxh6 25. Qh4+ Kg7 26. Qh7# {Black
checkmated} 1-0

[Event "Team 45 45 League T46"]
[Site "Internet Chess Club"]
[Date "2010.08.09"]
[Round "1"]
[White "toukon"]
[Black "crazyhorses"]
[Result "1-0"]
[WhiteElo "1655"]
[BlackElo "1561"]
[Opening "Ruy Lopez: closed, Breyer, Borisenko variation"]
[ECO "C95"]
[Time "09:00:07"]
[TimeControl "2700+45"]

1. e4 e5 2. Nf3 Nc6 3. Bb5 a6 4. Ba4 Nf6 5. O-O Be7 6. Re1 b5 7. Bb3 d6 8. c3
O-O 9. h3 Nb8 10. d4 Nbd7 11. Nbd2 Bb7 12. Bc2 Re8 13. Nf1 Bf8 14. Bg5 h6 15.
Bh4 c5 16. Bxf6 Nxf6 17. Ng3 g6 18. dxe5 dxe5 19. Qxd8 Raxd8 20. Rad1 Rxd1 21.
Rxd1 c4 22. b3 cxb3 23. axb3 Bc5 24. c4 b4 25. Ne1 Bd4 26. Kf1 Nd7 27. Ne2 Nc5
28. Nxd4 exd4 29. Rxd4 Bxe4 30. Bxe4 Nxe4 31. Nf3 Nc5 32. Nd2 f5 33. Rd5 Rc8 34.
Ke1 Kf7 35. Kd1 Ke6 36. Kc2 Rc6 37. Nf3 Rc7 38. Ne5 Ne4 39. Nxg6 Nxf2 40. Nf4+
Kf6 41. Ra5 Kg5 42. Ne6+ {Black resigns} 1-0

[Event "Team 45 45 League T46"]
[Site "Internet Chess Club"]
[Date "2010.08.07"]
[Round "1"]
[White "mongmong"]
[Black "KidCopperhead"]
[Result "0-1"]
[WhiteElo "1461"]
[BlackElo "1411"]
[Opening "Queen's pawn game"]
[ECO "D02"]
[Time "20:00:25"]
[TimeControl "2700+45"]

1. d4 d5 2. Nf3 e6 3. e3 Bd6 4. Bd3 Nf6 5. Nbd2 Nc6 6. c3 O-O 7. O-O e5 8. dxe5
Nxe5 9. Nxe5 Bxe5 10. Nf3 Bd6 11. Qc2 Re8 12. Bd2 c5 13. Rfe1 Bg4 14. Be2 c4 15.
Nd4 Bc5 16. Bxg4 Nxg4 17. h3 Nf6 18. Nf3 Ne4 19. Rad1 b5 20. Bc1 a5 21. Nd2 Ng5
22. b3 Qf6 23. Nf1 Qc6 24. Bb2 Ne4 25. f3 Nf6 26. Re2 a4 27. Rde1 Qc7 28. Kh1
Nh5 29. Rd1 Ng3+ 30. Nxg3 Qxg3 31. Rxd5 Bxe3 32. Bc1 Bxc1 33. Rxe8+ Rxe8 34.
Qxc1 Re1+ 35. Qxe1 Qxe1+ 36. Kh2 g6 37. Rxb5 Qxc3 38. bxa4 Qa3 {White resigns}
0-1

[Event "Team 45 45 League T46"]
[Site "Internet Chess Club"]
[Date "2010.08.05"]
[Round "1"]
[White "Jazzy-Jeff"]
[Black "seattleblues"]
[Result "1-0"]
[WhiteElo "1188"]
[BlackElo "1272"]
[Opening "King's Indian: 3.g3"]
[ECO "E62"]
[Time "21:01:47"]
[TimeControl "2700+45"]

1. d4 Nf6 2. c4 g6 3. g3 Bg7 4. Bg2 O-O 5. Nc3 d6 6. Nf3 e5 7. dxe5 dxe5 8. Nxe5
Qxd1+ 9. Nxd1 Be6 10. Bxb7 Nbd7 11. Nxd7 Nxd7 12. Bxa8 Rxa8 13. Ne3 Rb8 14. Rb1
Ne5 15. c5 Bxa2 16. Ra1 Bd5 17. Nxd5 Nc4 18. Rxa7 Nxb2 19. Rxc7 Na4 20. O-O Be5
21. Ne7+ Kf8 22. Bh6+ Ke8 23. Ra7 Nxc5 24. Nc6 Nd7 25. Nxb8 Bxb8 26. Ra8 Nb6
{Black resigns} 1-0

[Event "Team 45 45 League T46"]
[Site "Internet Chess Club"]
[Date "2010.08.06"]
[Round "1"]
[White "guyd52"]
[Black "KidBoa"]
[Result "0-1"]
[WhiteElo "1238"]
[BlackElo "1287"]
[Opening "Benko's opening"]
[ECO "A00"]
[Time "19:00:28"]
[TimeControl "2700+45"]

1. g3 d5 2. d4 e6 3. Nf3 c5 4. c3 Nc6 5. Bg2 Nf6 6. O-O Bd6 7. Re1 e5 8. dxe5
Nxe5 9. Nxe5 Bxe5 10. Bg5 Be6 11. e4 dxe4 12. Bxe4 Qxd1 13. Rxd1 Nxe4 14. Be3
O-O 15. f3 Nf6 16. Bxc5 Rad8 17. Re1 Bd6 18. Bxa7 Ra8 19. Bf2 Rxa2 20. Nd2 Rxa1
21. Rxa1 Rd8 22. Bd4 Be7 23. Re1 b6 24. b4 Nd5 25. f4 Bf6 26. Bxf6 gxf6 27. c4
Nxb4 28. Re2 Bg4 29. Rf2 Re8 30. Kf1 Bh3+ {White resigns} 0-1

[Event "Team 45 45 League T46"]
[Site "Internet Chess Club"]
[Date "2010.08.08"]
[Round "1"]
[White "Just-Jim"]
[Black "alaskauk"]
[Result "0-1"]
[WhiteElo "1266"]
[BlackElo "1533"]
[Opening "Scotch game"]
[ECO "C45"]
[Time "15:00:23"]
[TimeControl "2700+45"]

1. e4 e5 2. Nf3 Nc6 3. d4 exd4 4. Nxd4 Ne5 5. Bf4 d6 6. c3 Nf6 7. Nd2 a6 8. h3
Be7 9. Bxe5 dxe5 10. N4f3 Bd6 11. Nc4 Qe7 12. Bd3 O-O 13. Qe2 Bd7 14. Nxd6 cxd6
15. O-O-O Rfd8 16. Kb1 Bc6 17. g4 Rab8 18. g5 Ne8 19. h4 Nc7 20. Nh2 Ne6 21. Qg4
Nf4 22. Qf5 Bd7 23. Qxf4 exf4 24. f3 b5 25. b4 Be6 26. Rd2 Qc7 27. Rc1 d5 28.
Rdc2 dxe4 29. fxe4 Rxd3 30. Nf1 Rbd8 31. h5 Rd1 32. g6 Rxc1+ 33. Rxc1 Qc4 {White
resigns} 0-1

[Event "Team 45 45 League T46"]
[Site "Internet Chess Club"]
[Date "2010.08.06"]
[Round "1"]
[White "Tjet"]
[Black "GhostMonster"]
[Result "1-0"]
[WhiteElo "1537"]
[BlackElo "1389"]
[Opening "English: symmetrical, main line with d3"]
[ECO "A38"]
[Time "17:05:22"]
[TimeControl "2700+45"]

1. c4 c5 2. g3 g6 3. Bg2 Bg7 4. Nc3 Nf6 5. Nf3 O-O 6. O-O Nc6 7. d3 h6 8. e4 e5
9. a3 d6 10. Rb1 Kh7 11. h3 Be6 12. Kh2 Qd7 13. Nd5 Nd4 14. b4 Bxd5 15. cxd5 b6
16. bxc5 bxc5 17. Be3 Rab8 18. Qd2 Nb3 19. Qc3 Qa4 20. Rb2 Qxa3 21. Rfb1 Qa4 22.
Rxb3 Rxb3 23. Qxb3 Qxb3 24. Rxb3 Ra8 25. Nd2 Bf8 26. Nc4 a5 27. Bd2 a4 28. Ra3
Nd7 29. Bf3 Be7 30. Bd1 Kg8 31. Rxa4 Rxa4 32. Bxa4 Nb8 33. Bb5 g5 34. Ba5 Kf8
35. Bc7 f6 36. Bxb8 Kg8 37. Nxd6 Kg7 38. Nf5+ Kf7 39. Nxe7 Kxe7 40. d6+ Kd8 41.
d7 h5 42. Bd6 h4 43. Bxc5 hxg3+ 44. fxg3 f5 45. Bb6+ Ke7 46. d8=Q+ Kf7 47. exf5
Kg7 48. Qd6 e4 49. Qg6+ Kh8 50. Bd4# {Black checkmated} 1-0

[Event "Team 45 45 League T46"]
[Site "Internet Chess Club"]
[Date "2010.08.07"]
[Round "1"]
[White "milesotoole"]
[Black "dpmdpm"]
[Result "1-0"]
[WhiteElo "1468"]
[BlackElo "1421"]
[Opening "Sicilian: closed"]
[ECO "B23"]
[Time "13:15:33"]
[TimeControl "2700+45"]

1. e4 c5 2. Nc3 d6 3. f4 e6 4. Nf3 a6 5. g3 Nc6 6. Bg2 Qc7 7. O-O Nf6 8. d3 b5
9. e5 Nd5 10. Nxd5 exd5 11. Re1 Be7 12. c4 bxc4 13. dxc4 d4 14. exd6 Qxd6 15.
Ne5 Bb7 16. Qb3 Na5 17. Qa4+ Kf8 18. Qxa5 Bxg2 19. Kxg2 f6 20. Nd3 Qc6+ 21. Kg1
Kf7 22. Bd2 Rhe8 23. b4 Bd8 24. Qxc5 {Black resigns} 1-0

[Event "Team 45 45 League T46"]
[Site "Internet Chess Club"]
[Date "2010.08.06"]
[Round "1"]
[White "otib2006"]
[Black "Toalla"]
[Result "1-0"]
[WhiteElo "1229"]
[BlackElo "1142"]
[Opening "King's Indian: East Indian defense"]
[ECO "A48"]
[Time "11:00:59"]
[TimeControl "2700+45"]

1. d4 Nf6 2. Nf3 g6 3. e3 Bg7 4. Bd3 c6 5. Nbd2 d5 6. b3 Nbd7 7. Bb2 Qc7 8. O-O
O-O 9. Rc1 Re8 10. c4 e6 11. e4 dxe4 12. Nxe4 Nxe4 13. Bxe4 f5 14. Bd3 e5 15.
dxe5 Bxe5 16. Re1 Bxb2 17. Rxe8+ Kf7 18. Qe2 Nf6 19. Ng5+ Kg7 20. Re7+ {Black
resigns} 1-0

[Event "Team 45 45 League T46"]
[Site "Internet Chess Club"]
[Date "2010.08.07"]
[Round "1"]
[White "CaoCao"]
[Black "Guoruey"]
[Result "1/2-1/2"]
[WhiteElo "1958"]
[BlackElo "1921"]
[Opening "Mieses opening"]
[ECO "A00"]
[Time "19:11:56"]
[TimeControl "2700+45"]

1. d3 e5 2. Nf3 Nc6 3. g3 Bc5 4. Bg2 Nge7 5. O-O O-O 6. c3 d6 7. b4 Bb6 8. a4 a6
9. e4 Bg4 10. h3 Bxf3 11. Bxf3 f5 12. exf5 Nxf5 13. Kh2 Qf6 14. Bg2 Rad8 15. b5
axb5 16. axb5 Nce7 17. Nd2 d5 18. Nf3 e4 19. dxe4 dxe4 20. Qb3+ Kh8 21. Ng5 Nd6
22. Bf4 h6 23. Nxe4 Nxe4 24. Bxe4 Ng6 25. Bxg6 Qxg6 26. Qc4 Rd7 27. Rae1 Rdf7
28. Qe4 Qf6 29. Qe5 Qxe5 30. Rxe5 g5 31. Be3 Bxe3 32. Rxe3 Rxf2+ 33. Rxf2 Rxf2+
34. Kg1 Rb2 {Game drawn by mutual agreement} 1/2-1/2

[Event "Team 45 45 League T46"]
[Site "Internet Chess Club"]
[Date "2010.08.08"]
[Round "1"]
[White "MeanMrMustard"]
[Black "kabindra"]
[Result "0-1"]
[WhiteElo "1853"]
[BlackElo "1857"]
[Opening "Giuoco Piano"]
[ECO "C54"]
[Time "11:05:38"]
[TimeControl "2700+45"]

1. e4 e5 2. Nf3 Nc6 3. Bc4 Bc5 4. c3 Nf6 5. d3 h6 6. O-O d6 7. Be3 Bxe3 8. fxe3
O-O 9. h3 a6 10. Bb3 Qe7 11. Nbd2 Na5 12. Bc2 c5 13. d4 b5 14. b4 cxb4 15. cxb4
Nc6 16. a3 Bd7 17. d5 Nd8 18. a4 Nb7 19. a5 Rac8 20. Nb1 Rc4 21. Nfd2 Rxb4 22.
Qc1 Rc8 23. Ra2 Nxe4 {White resigns} 0-1

[Event "Team 45 45 League T46"]
[Site "Internet Chess Club"]
[Date "2010.08.08"]
[Round "1"]
[White "Twan709"]
[Black "Carnivore"]
[Result "0-1"]
[WhiteElo "1767"]
[BlackElo "1765"]
[Opening "Ruy Lopez: closed, Borisenko defense"]
[ECO "C96"]
[Time "12:00:05"]
[TimeControl "2700+45"]

1. e4 e5 2. Nf3 Nc6 3. Bb5 a6 4. Ba4 b5 5. Bb3 Be7 6. O-O Nf6 7. Re1 d6 8. c3
O-O 9. h3 Na5 10. Bc2 c5 11. d4 Nc6 12. d5 Nb8 13. Nbd2 Nbd7 14. b3 g6 15. c4
Nh5 16. Nf1 Nf4 17. Ng3 Nf6 18. Ne2 N6h5 19. g4 Nxh3+ 20. Kg2 Bxg4 21. Rh1 N5f4+
22. Bxf4 Nxf4+ 23. Nxf4 exf4 24. Qd3 Bf6 25. Rag1 bxc4 26. bxc4 Qd7 27. Kf1 h5
28. Ke1 Qb7 29. Nd2 f3 30. Nxf3 Qb4+ 31. Ke2 Qc3 32. Qxc3 Bxc3 33. Ke3 Bg7 34.
Nd2 Rab8 35. Nb3 Bh6+ 36. f4 Rfe8 37. Rxg4 hxg4 38. Rxh6 Kg7 39. Rh1 f5 40. Rg1
Kf6 41. Kd2 Rh8 42. Rg2 Rh3 43. exf5 gxf5 44. Bd1 Re8 45. Be2 Re4 46. Rg1 Rxf4
47. Ke1 Kg5 48. Rf1 Rxf1+ 49. Bxf1 Rh2 50. Nc1 f4 51. Bd3 f3 52. Bf1 g3 {White
resigns} 0-1

[Event "Team 45 45 League T46"]
[Site "Internet Chess Club"]
[Date "2010.08.04"]
[Round "1"]
[White "christinaa"]
[Black "slowdown"]
[Result "1/2-1/2"]
[WhiteElo "1767"]
[BlackElo "1610"]
[Opening "Réti: King's Indian attack"]
[ECO "A05"]
[Time "17:59:01"]
[TimeControl "2700+45"]

1. Nf3 Nf6 2. g3 g6 3. Bg2 Bg7 4. O-O O-O 5. c3 d6 6. d3 Nc6 7. Nbd2 e5 8. e4
Nh5 9. Nc4 f5 10. Bg5 Qe8 11. exf5 gxf5 12. Ne3 Be6 13. Nd2 Qg6 14. Bh4 f4 15.
Nd5 Rf7 16. b4 Bf6 17. Be4 Bf5 18. Kh1 Kh8 19. Rg1 fxg3 20. Nxf6 Nxf6 21. Rxg3
Bxe4+ 22. Nxe4 Qh6 23. Nxf6 Qxh4 24. Ne4 d5 25. Qb3 Ne7 26. Rag1 Raf8 27. Ng5
Rxf2 28. Rh3 Qf4 29. Rxh7+ Kg8 30. Qd1 Rf1 31. Qxf1 Qxf1 32. Rxf1 Rxf1+ 33. Kg2
Rf5 34. Rxe7 Rxg5+ 35. Kf3 Rg7 36. Rxe5 c6 37. h4 Kf8 38. Ke3 Kf7 39. Kd4 Rg4+
40. Kc5 Rxh4 41. c4 dxc4 42. dxc4 Rh6 43. Rf5+ Ke7 44. Rg5 Kf7 45. Rg4 b6+ 46.
Kd4 Kf8 47. Re4 Kf7 48. Kc3 Rh3+ 49. Kb2 Rh2+ 50. Kb3 Rh3+ 51. Ka4 Rh6 52. Re5
Kf8 53. c5 Kf7 54. b5 cxb5+ 55. Kxb5 bxc5 56. Kxc5 Re6 57. Rf5+ Ke7 58. a4 Kd7
59. Rh5 Rc6+ 60. Kb5 Rb6+ 61. Ka5 Kc7 62. Rh8 Kb7 63. Rh7+ Kb8 64. Rg7 Ka8 65.
Rg5 Rb7 66. Rd5 Rb6 67. Rc5 Kb7 68. Rb5 Ka8 69. Rf5 Kb7 70. Rf7+ Ka8 71. Rf5 Kb7
72. Rb5 Ka8 73. Rh5 Kb7 74. Rh8 Ra6+ 75. Kb5 Rb6+ 76. Kc5 Rc6+ 77. Kd5 Rb6 78.
Rh7+ Ka6 79. Kc5 Rg6 80. a5 Rg5+ 81. Kb4 Rb5+ 82. Ka4 Rxa5+ 83. Kb4 Rb5+ 84. Ka4
Ra5+ 85. Kb4 Rb5+ 86. Ka4 Ra5+ {Game drawn by repetition} 1/2-1/2

[Event "Team 45 45 League T46"]
[Site "Internet Chess Club"]
[Date "2010.08.07"]
[Round "1"]
[White "viking99"]
[Black "RamRock"]
[Result "1-0"]
[WhiteElo "1854"]
[BlackElo "1806"]
[Opening "Sicilian: Nimzovich-Rossolimo attack (without ...d6)"]
[ECO "B30"]
[Time "21:00:08"]
[TimeControl "2700+45"]

1. e4 c5 2. Nf3 Nc6 3. Bb5 e6 4. O-O g6 5. c3 Bg7 6. d4 cxd4 7. cxd4 Nge7 8. Nc3
d5 9. e5 O-O 10. Bg5 Bd7 11. Rc1 Rc8 12. Bf6 Kh8 13. g4 h6 14. h4 Qe8 15. Bd3 a6
16. Ne2 Ng8 17. g5 h5 18. Ng3 Nge7 19. Kh2 Nf5 20. Bb1 Ncxd4 21. Rxc8 Nxf3+ 22.
Qxf3 Qxc8 23. Bxf5 exf5 24. Nxh5 gxh5 25. Qxh5+ Kg8 26. Bxg7 Kxg7 27. Qh6+ Kg8
28. g6 fxg6 29. Qxg6+ Kh8 30. Qh5+ Kg7 31. Rg1# {Black checkmated} 1-0

[Event "Team 45 45 League T46"]
[Site "Internet Chess Club"]
[Date "2010.08.09"]
[Round "1"]
[White "picante"]
[Black "Rookmaster"]
[Result "1-0"]
[WhiteElo "1818"]
[BlackElo "1748"]
[Opening "Blackmar gambit"]
[ECO "B01"]
[Time "12:01:28"]
[TimeControl "2700+45"]

1. e4 d5 2. d4 dxe4 3. Nc3 e5 4. d5 Bb4 5. Bc4 Nf6 6. Bg5 Nbd7 7. Qe2 Bxc3+ 8.
bxc3 O-O 9. f3 exf3 10. Nxf3 e4 11. Nh4 h6 12. Be3 Nxd5 13. Ng6 Nxe3 14. Qxe3
Re8 15. O-O Nf6 16. Rad1 Bd7 17. Rd2 c6 18. Rd4 Qc7 19. Rxf6 Be6 20. Bxe6 fxe6
21. Rf1 e5 22. Rxe4 Rad8 23. Nxe5 Rd5 24. Nd3 Red8 25. Re8+ Rxe8 26. Qxe8+ Kh7
27. Rf8 Qb6+ 28. Kh1 Qb1+ 29. Ne1 Qxe1+ 30. Qxe1 h5 31. h4 {Black resigns} 1-0

[Event "Team 45 45 League T46"]
[Site "Internet Chess Club"]
[Date "2010.08.07"]
[Round "1"]
[White "Kingofknights"]
[Black "John3v16"]
[Result "0-1"]
[WhiteElo "1661"]
[BlackElo "1754"]
[Opening "Benoni: 6.e4"]
[ECO "A65"]
[Time "09:00:41"]
[TimeControl "2700+45"]

1. d4 e6 2. c4 c5 3. d5 exd5 4. cxd5 Nf6 5. Nc3 d6 6. e4 Be7 7. Bd3 Nbd7 8. a4
Ne5 9. Bc2 Bg4 10. f3 Bd7 11. Nge2 O-O 12. O-O Nh5 13. Nf4 Nxf4 14. Bxf4 Bf6 15.
a5 b5 16. axb6 Qxb6 17. Qc1 Rfb8 18. Ra2 a5 19. b3 c4+ 20. Be3 Qb4 21. Bb1 cxb3
22. Ra4 Bxa4 {White resigns} 0-1

[Event "Team 45 45 League T46"]
[Site "Internet Chess Club"]
[Date "2010.08.10"]
[Round "1"]
[White "RD1974"]
[Black "DaveTheRook"]
[Result "1-0"]
[WhiteElo "1841"]
[BlackElo "1707"]
[Opening "Sicilian: closed"]
[ECO "B23"]
[Time "18:46:28"]
[TimeControl "2700+45"]

1. e4 c5 2. Nc3 e6 3. g3 Nc6 4. Bg2 Nf6 5. d3 Be7 6. h3 O-O 7. Be3 d6 8. f4 Qc7
9. Nf3 a6 10. O-O Rb8 11. g4 d5 12. e5 Nd7 13. Bd2 b5 14. Ne2 Bb7 15. Ng3 Rfe8
16. c3 d4 17. Qe2 dxc3 18. bxc3 b4 19. Rfc1 a5 20. Ne4 Qd8 21. g5 bxc3 22. Rxc3
Ba6 23. Qf2 Rb2 24. Kh2 Nb4 25. Qh4 Bxd3 26. Nf6+ Nxf6 27. gxf6 Bf8 28. Qg3 Bg6
29. Bc1 Rxa2 30. Rxa2 Nxa2 31. Rc4 Nxc1 32. Rxc1 Qd3 33. Bf1 Qb3 34. Re1 Rd8 35.
Be2 a4 36. h4 h5 37. fxg7 Bxg7 38. Qg5 Rd7 39. Rg1 Qc2 40. Rg2 Qf5 41. Qg3 Bh6
42. Ng5 Qg4 43. Bxg4 Rd3 44. Qf2 hxg4 45. Rxg4 c4 46. Rg3 Rd1 47. Qa2 Bxg5 48.
Rxg5 c3 49. Qxa4 Kh7 50. Qxd1 {Black resigns} 1-0

[Event "Team 45 45 League T46"]
[Site "Internet Chess Club"]
[Date "2010.08.10"]
[Round "1"]
[White "jefferyx"]
[Black "TerryMalloy"]
[Result "1/2-1/2"]
[WhiteElo "2003"]
[BlackElo "1994"]
[Opening "Queen's gambit accepted"]
[ECO "D23"]
[Time "17:06:59"]
[TimeControl "2700+45"]

1. d4 Nf6 2. Nf3 d5 3. c4 dxc4 4. g3 c5 5. Qa4+ Nc6 6. dxc5 e6 7. Qxc4 Qa5+ 8.
Bd2 Qxc5 9. Qxc5 Bxc5 10. Nc3 O-O 11. Bg2 a6 12. O-O Rd8 13. Bg5 Bd7 14. Rfd1
Rac8 15. Rac1 Be8 16. Nd2 h6 17. Bxf6 gxf6 18. Nb3 Be7 19. a3 f5 20. Na4 Rxd1+
21. Rxd1 Rd8 22. Rxd8 Nxd8 23. Nac5 Bf6 24. Nxb7 Nxb7 25. Bxb7 Bxb2 26. Bxa6
Bxa3 27. e3 Bc6 28. Nd4 Bd5 29. Bb5 Kg7 30. Bc6 Bc4 31. f3 Kf6 32. Kf2 Bc5 33.
Bb5 Bd5 34. Ne2 Bd6 35. Bd3 Bc7 36. Nc3 Bc6 37. Nb5 Bxb5 38. Bxb5 Bb6 39. f4 Kg6
40. Kf3 h5 41. h3 Bc5 42. Be8 Kf6 43. e4 fxe4+ 44. Kxe4 Ke7 45. Bb5 f5+ 46. Kf3
Bb4 47. Kf2 Bc3 48. Be2 e5 49. Bxh5 exf4 50. gxf4 Kf6 51. Be2 Bd2 52. Kf3 Bxf4
53. Kxf4 Kg7 54. Kg5 Kh8 55. Kh6 f4 56. Bf3 Kg8 57. h4 Kh8 58. h5 Kg8 59. Kg5
Kh8 60. Kf6 Kg8 61. Be4 f3 62. Bxf3 Kh8 63. Be4 Kg8 64. Bg6 Kh8 65. Kg5 Kg8 66.
Kh6 Kh8 67. Bf5 Kg8 68. Be6+ {Game drawn by mutual agreement} 1/2-1/2

[Event "Team 45 45 League T46"]
[Site "Internet Chess Club"]
[Date "2010.08.08"]
[Round "1"]
[White "irock"]
[Black "Eyechess"]
[Result "0-1"]
[WhiteElo "1721"]
[BlackElo "1765"]
[Opening "French: exchange variation"]
[ECO "C01"]
[Time "14:03:50"]
[TimeControl "2700+45"]

1. e4 e6 2. d4 d5 3. exd5 exd5 4. Nf3 Bd6 5. c4 c6 6. Nc3 Ne7 7. Be3 Nd7 8. Bd3
dxc4 9. Bxc4 Nb6 10. Bd3 Bg4 11. h3 Bh5 12. O-O h6 13. Ne4 Ned5 14. Bd2 O-O 15.
Rc1 Re8 16. Nc5 Qc7 17. b4 Nf4 18. Bxf4 Bxf4 19. Rc2 Rad8 20. Re2 Rxe2 21. Bxe2
Nd5 22. Qb3 b6 23. Ne4 Qe7 24. Qb1 f5 25. Bd3 fxe4 26. Bxe4 Nxb4 27. Re1 Qd6 28.
g4 Bf7 29. a3 Nd5 30. Qc2 Qxa3 31. Qxc6 Nf6 32. Qc2 Nxe4 33. Qxe4 Bd5 34. Qxf4
Qxf3 35. Qxf3 Bxf3 36. Ra1 a5 37. Rb1 Rd6 38. Kh2 Be4 39. Rb2 Bd3 40. Kg3 b5 41.
Kf4 Rxd4+ 42. Ke3 Rd5 43. f4 Bc4 44. Ke4 Rd1 45. Rh2 a4 {White resigns} 0-1

[Event "Team 45 45 League T46"]
[Site "Internet Chess Club"]
[Date "2010.08.05"]
[Round "1"]
[White "Goli"]
[Black "Walker42"]
[Result "0-1"]
[WhiteElo "1764"]
[BlackElo "1965"]
[Opening "Caro-Kann: Panov-Botvinnik attack"]
[ECO "B13"]
[Time "16:00:24"]
[TimeControl "2700+45"]

1. e4 c6 2. d4 d5 3. exd5 cxd5 4. c4 Nf6 5. Nf3 Nc6 6. Nc3 Bg4 7. Be3 e6 8. cxd5
Nxd5 9. Be2 Be7 10. O-O O-O 11. Nxd5 Qxd5 12. a3 Rfd8 13. Rc1 Qd6 14. Qb3 Qd5
15. Qxb7 Nxd4 16. Ba6 Ne2+ 17. Kh1 Nxc1 18. Qxe7 Bxf3 19. gxf3 Qxf3+ 20. Kg1
Ne2+ 21. Bxe2 Qxe2 22. b4 Qg4+ 23. Kh1 Rd1 24. Rxd1 Qxd1+ 25. Kg2 Rd8 26. Qg5 h6
27. Qg3 Qd5+ 28. Kh3 Qe4 29. Bxa7 Rd3 30. Be3 Rxa3 31. b5 Qf5+ 32. Kg2 Qxb5 33.
Qf4 Qd5+ 34. Kf1 Ra1+ 35. Ke2 Qd1# {White checkmated} 0-1